 Dungeon Crawl Stone Soup version 0.21.1-1-g345015f (webtiles) character file.

62 kadomatsu the Chopper (level 3, -1/34 HPs)
             Began as a Minotaur Berserker on May 10, 2018.
             Was a Believer of Trog.
             Killed from afar by a white imp (6 damage)
             ... with a puff of frost
             ... summoned by Natasha
             ... on level 2 of the Dungeon.
             The game lasted 00:17:00 (1865 turns).

kadomatsu the Chopper (Minotaur Berserker)          Turns: 1865, Time: 00:17:01

Health: -1/34      AC: 16    Str: 22    XL:     3   Next: 85%
Magic:  2/2        EV:  8    Int:  4    God:    Trog [**....]
Gold:   84         SH:  0    Dex:  9    Spells: 2/2 levels left

rFire    . . .     SeeInvis .   t - +2 dagger (protect)
rCold    . . .     Gourm    .   (no shield)
rNeg     . . .     Faith    +   k - +0 chain mail
rPois    .         Spirit   .   (helmet restricted)
rElec    .         Reflect  .   (no cloak)
rCorr    .         Harm     .   (no gloves)
MR       +....                  (no boots)
Stlth    ..........             g - amulet of faith
HPRegen  0.11/turn              j - ring of protection from magic
MPRegen  0.08/turn              (no ring)

@: protection aura
A: retaliatory headbutt, horns 2
a: Berserk, Trog's Hand, Burn Spellbooks, Renounce Religion


You were on level 2 of the Dungeon.
You worshipped Trog.
Trog was pleased with you.
You were not hungry.

You visited 1 branch of the dungeon, and saw 2 of its levels.

You collected 84 gold pieces.

Inventory:

Hand Weapons
 a - a +0 hand axe
 p - a +0 dagger
 q - a +0 club
 r - a +0 dagger
 s - a +0 hunting sling
 t - a +2 dagger of protection (weapon)
 v - a +0 hunting sling
 w - a +0 hunting sling
 z - a +0 club
 A - a +0 dagger
 B - a +0 club
Missiles
 m - 30 stones (quivered)
 u - 48 poisoned needles
 x - 39 bolts
 y - 4 tomahawks
 D - 21 arrows
Armour
 b - a +0 animal skin
 k - a +0 chain mail (worn)
 n - a +0 robe
 o - a +0 ring mail
 C - a +0 ring mail
Jewellery
 g - an amulet of faith (around neck)
 j - a ring of protection from magic (left hand)
Scrolls
 d - 3 scrolls of identify {unknown}
 f - a scroll of teleportation {unknown}
 h - 2 scrolls of remove curse {unknown}
 i - a scroll of noise {unknown}
 l - a scroll of immolation {unknown}
Potions
 e - a potion of heal wounds {unknown}
Comestibles
 c - 3 rations


   Skills:
 + Level 4.4 Fighting
 + Level 4.7 Axes
 + Level 2.8 Armour
 + Level 2.7 Dodging


You had 2 spell levels left.
You didn't know any spells.

Dungeon Overview and Level Annotations

Branches:
Dungeon (2/15)

Altars:
Gozag

Annotations:
D:2 Natasha


Innate Abilities, Weirdness & Mutations

You reflexively headbutt those who attack you in melee.
You have a pair of horns on your head.


Message History

The iguana bites you but does no damage.
You hit the iguana but do no damage.
Natasha casts a spell.
The iguana bites you.
* * * LOW HITPOINT WARNING * * *
The white imp shouts, "Back with thee, thou mewling boil-brained calf-wit!"
You puncture the crimson imp!
The crimson imp is heavily wounded.
The iguana bites you.
* * * LOW HITPOINT WARNING * * *
The crimson imp hits you but does no damage.
You miss the crimson imp.
The crimson imp is heavily wounded.
The iguana bites you but does no damage.
The crimson imp barely misses you.
You hit the crimson imp.
You kill the crimson imp!
The white imp gestures at you. The puff of frost hits you!
You die...

#5.....# ####.#
#......#+####..#.# ###
###..........##..#.# ..#
#.†..........##..#.# ..#
##.#.....#######..#.# ..#
##........#..8# #..#.# ..###+#
#.##............_# #..#.# ......#
#....5.......#..8# #..... .....##
######.#@....#######.##.#
....h###### #.l....###.#.......#
......5...# #h#.#### #.#.##.#..#
.....####5####†########.#.......#
.....# #g#..................#.#.
###### #h##.#.########.#..###.#.
#5##.#... ...#......#. #$##.###.#
#####.##.###. #.##.# .# ... .....


You could see an iguana, Natasha and a white imp.

Vanquished Creatures
  Natasha (D:2)
  A gnoll (D:1)
  A worm (D:2)
  A dart slug (D:1)
  A giant cockroach (D:2)
  5 goblins (D:1)
  4 hobgoblins (D:1)
  4 bats (D:1)
  A frilled lizard (D:1)
  4 kobolds
  2 rats (D:1)
25 creatures vanquished.

Notes
Turn   | Place    | Note
-------+----------+-------------------------------------------
     0 | D:1      | kadomatsu the Minotaur Berserker began the quest for the Orb.
     0 | D:1      | Reached XP level 1. HP: 19/19 MP: 0/0
   257 | D:1      | Reached XP level 2. HP: 27/27 MP: 1/1
   865 | D:1      | Reached XP level 3. HP: 33/33 MP: 2/2
  1661 | D:2      | Noticed Natasha
  1672 | D:2      | Killed Natasha
  1695 | D:2      | Found an opulent altar of Gozag.
  1767 | D:2      | Noticed Natasha
  1790 | D:2      | Reached ** piety under Trog
  1865 | D:2      | Killed from afar by a white imp

Skill      XL: |  1  2 |
---------------+-------+-----
Axes           | 4 |  4.7
Fighting       | 4 |  4.4
Armour         | |  2.8
Dodging        | |  2.7

Action                   || total
-------------------------++-------
Melee: Hand axe          ||    38
       Headbutt          ||    11
       Dagger            ||    28
Throw: Stone             ||     3
  Eat: Ration            ||     1
Armor: Animal skin       ||     7
       Chain mail        ||    26
Dodge: Dodged            ||    45
